 Dungeon Crawl Stone Soup version 0.32-a0-931-g5a2cda0630 (webtiles) character file.

Game seed: 10345064349101213396

333 gohu the Chopper (level 6, -10/52 HPs)
             Began as a Mountain Dwarf Fighter on Apr 13, 2024.
             Was an Initiate of Makhleb.
             Mangled by Duvessa
             ... wielding a +0 short sword
              (12 damage)
             ... on level 4 of the Dungeon.
             The game lasted 00:06:28 (3239 turns).

gohu the Chopper (Mountain Dwarf Fighter)           Turns: 3239, Time: 00:06:29

Health: -10/52     AC:  7    Str: 20    XL:     6   Next: 27%
Magic:  6/6        EV:  8    Int:  9    God:    Makhleb [......]
Gold:   230        SH:  4    Dex:  9    Spells: 5/5 levels left

rFire   . . .        a - +0 war axe
rCold   . . .        c - +0 buckler
rNeg    . . .        b - +0 scale mail
rPois   .            (no helmet)
rElec   .            (no cloak)
rCorr   .            (no gloves)
SInv    +            (no boots)
Will    .....        (no amulet) Stlth
                     k - ring of see invisible
HPRegen 0.28/turn    (no ring)
MPRegen 0.10/turn

%: no passive effects
@: mighty
A: runic magic, artefact enchanting
a: Renounce Religion


You were on level 4 of the Dungeon.
You worshipped Makhleb.
Makhleb was noncommittal.
You visited 1 branch of the dungeon, and saw 4 of its levels.

You collected 230 gold pieces.

Inventory:

Hand Weapons
 a - a +0 war axe (weapon)
Missiles
 x - 6 boomerangs (quivered)
Armour
 b - a +0 scale mail (worn)
 c - a +0 buckler (worn)
 v - the -1 pair of gloves "Obbis" {Fly Int+4}
   (You found it on level 3 of the Dungeon)

   Int+4:     It affects your intelligence (+4).
   Fly:       It grants you flight.
Jewellery
 k - a ring of see invisible (left hand)
 o - a +5 ring of evasion
 p - an amulet of magic regeneration
 q - a ring of poison resistance
Wands
 u - a wand of mindburst (6)
Scrolls
 e - a scroll of noise {unknown}
 g - a scroll of revelation {unknown}
 l - 4 scrolls of teleportation {unknown}
 m - a scroll of enchant armour {unknown}
 n - 2 scrolls of fear {unknown}
 r - a scroll of poison {unknown}
 s - a scroll of blinking {unknown}
Potions
 f - 2 potions of mutation {unknown}
 h - 3 potions of enlightenment {unknown}
 i - a potion of degeneration {unknown}
 j - a potion of cancellation {unknown}
 t - a potion of curing {unknown}
 w - a potion of brilliance {unknown}


   Skills:
 + Level 3.9 Fighting
 * Level 6.8 Axes
 + Level 4.1 Armour
 + Level 3.8 Shields


You had 5 spell levels left.
You didn't know any spells.
Your spell library was empty.

Dungeon Overview and Level Annotations

Branches:
Dungeon (4/15)
 Temple: D:4-7

Altars:
Makhleb

Annotations:
D:4 Duvessa


Innate Abilities, Weirdness & Mutations

Your spellcasting is much less encumbered by armour.
You can use scrolls of enchantment on lesser artefacts.


Message History

a +0 dagger; 3 poisoned darts; a kobold corpse
There is an open door here.
You open the door.
There is an open door here.
You open the door.
Duvessa and Dowan come into view.
Duvessa shouts!
Dowan shouts!
Dowan casts a spell at you. The puff of flame hits you!
You feel very mighty all of a sudden.
You slash Dowan!
Dowan is severely wounded.
Duvessa hits you but does no damage. Dowan hits you but does no damage.
There is an open door, spattered with blood here.
You hit Duvessa.
Duvessa is lightly wounded.
You miss Dowan. Duvessa hits you but does no damage.
Dowan hits you but does no damage.
You barely miss Duvessa.
Duvessa is lightly wounded.
You hit Dowan.
You kill Dowan!
Makhleb accepts your kill.
Duvessa screams, "No!
How DARE you!"
Duvessa goes berserk!
Duvessa hits you with a +0 short sword. x2
You slash Duvessa!
Duvessa is moderately wounded.
Duvessa hits you with a +0 short sword! x2
You barely miss Duvessa.
Duvessa is moderately wounded.
Duvessa hits you with a +0 short sword. Duvessa hits you with a +0 short sword!
* * * LOW HITPOINT WARNING * * *
You slash Duvessa!
Duvessa is heavily wounded.
Duvessa hits you with a +0 short sword.
* * * LOW HITPOINT WARNING * * *
You slash Duvessa!
Duvessa is severely wounded.
Duvessa hits you with a +0 short sword!
You die...

........#.... #..
........##### #..
.......##... ###.#
#.....##... #...#
#.......... #####.#.#
#..........
......#.##+#+##..........
.......)#....⌠#.....#####
........@e...ß#.....#
........#....⌠#.....#
........#######.######
.....................#
....................##
...........#........#
......####'##.......# ..
##########...##.......##...
#.......#....#........†....


You could see Duvessa (berserk).

Vanquished Creatures
  Dowan (D:4)
  An orc priest (D:3)
  Ijyb (D:3)
  8 adders
  5 gnolls
  3 dart slugs
  2 ribbon worms
  3 orcs
  8 endoplasms
  3 giant cockroaches
  6 goblins
  9 hobgoblins
  10 jackals (D:1)
  2 quokkas
  9 ball pythons
  10 bats
  4 frilled lizards
  9 kobolds
  12 rats
106 creatures vanquished.

Notes
Turn   | Place    | Note
-------+----------+-------------------------------------------
     0 | D:1      | gohu the Mountain Dwarf Fighter began the quest for the
                  | Orb.
     0 | D:1      | Reached XP level 1. HP: 19/19 MP: 1/1
    94 | D:1      | Reached XP level 2. HP: 17/26 MP: 2/2
   150 | D:1      | Reached skill level 3 in Axes
   305 | D:1      | Reached XP level 3. HP: 31/31 MP: 3/3
   390 | D:1      | Reached skill level 4 in Axes
  1075 | D:2      | Reached XP level 4. HP: 32/39 MP: 4/4
  1243 | D:2      | Found a faded altar of an unknown god.
  1551 | D:3      | Reached skill level 5 in Axes
  1708 | D:3      | Reached XP level 5. HP: 46/46 MP: 5/5
  2191 | D:3      | Found a burning altar of Makhleb.
  2199 | D:3      | Became a worshipper of Makhleb the Destroyer
  2285 | D:3      | Reached skill level 6 in Axes
  2313 | D:3      | Noticed Ijyb
  2327 | D:3      | Killed Ijyb
  2550 | D:3      | Identified the -1 pair of gloves "Obbis" {Fly Int+4}
  3075 | D:3      | Reached XP level 6. HP: 36/52 MP: 6/6
  3230 | D:4      | Noticed Duvessa
  3230 | D:4      | Noticed Dowan
  3235 | D:4      | Killed Dowan
  3238 | D:4      | HP: 2/52 [Duvessa/+0 short sword (5)]
  3239 | D:4      | Mangled by Duvessa

Illustrated notes

Levels and vault maps discovered:
D:1:      onia_arrival_handbag, layout_basic
D:2:      layout_loops_ring, ebering_ecumenical_altar_rust
D:3:      minmay_diamond_boxcup, layout_loops_corners, lemuel_round_altar,
          st_stairs_4, minmay_statues_item, uniq_ijyb
D:4:      dreamdust_elfheim, layout_gridville

Skill      XL: |  1  2  3  4  5 |
---------------+----------------+-----
Axes           | 3 4 5 6 |  6.8
Armour         | 4 |  4.1
Fighting       | |  3.9
Shields        | |  3.8

Action                     |  1- 3 |  4- 6 || total
---------------------------+-------+-------++-------
  Melee: War axe           |   172 |   186 ||   358
    Use: Potion            |       |     1 ||     1
 Armour: Scale mail        |   128 |   169 ||   297
  Dodge: Dodged            |    79 |    74 ||   153
  Block: Buckler           |    38 |    42 ||    80

Table legend: (Time is in decaauts)
 A = Elapsed time spent in this place.
 B = Non-inter-level travel time spent in this place.
 C = Inter-level travel time spent in this place.
 D = Time resting spent in this place.
 E = Time spent auto-exploring this place.
 F = Levels seen in this place.
 G = Mean time per level.
                   A        B        C        D        E       F      G
               +--------+--------+--------+--------+--------+-----+--------+
         Total |   3346 |   3269 |     77 |     41 |   2316 |   4 |  836.5 |
       Dungeon |   3346 |   3269 |     77 |     41 |   2316 |   4 |  836.5 |
               +--------+--------+--------+--------+--------+-----+--------+

Top non-repeatable levels by time:
     D:3: 1345 daAuts
     D:2: 785 daAuts
     D:1: 774 daAuts
     D:4: 440 daAuts
